 Dungeon Sprint DCSS version 0.27.1-3-gb3d3a73c9e (webtiles) character file.

Game seed: 6175938984340776791

4600000 raph the Axe Maniac (level 27, -100/273 HPs)
             Began as a Hill Orc Warper on Oct 9, 2021.
             Was the Champion of Makhleb.
             Annihilated by The Servant (131 damage)
             ... in the Dungeon (Sprint VIII: "Arena of Blood").
             The game lasted 00:03:10 (46 turns).

raph the Axe Maniac (Hill Orc Warper)                 Turns: 46, Time: 00:03:11

Health: -100/273   AC:  6    Str: 18    XL:     27
Magic:  11/54      EV: 31    Int: 13    God:    Makhleb [******]
Gold:   0          SH:  0    Dex: 19    Spells: 80/80 levels left

rFire    . . .     SeeInvis .   j - +∞ Axe of Woe
rCold    . . .     Faith    .   (shield currently unavailable)
rNeg     . . .     Spirit   .   b - +0 leather armour
rPois    .         Reflect  .   (no helmet)
rElec    .         Harm     .   (no cloak)
rCorr    .         Rampage  .   (no gloves)
Will     ++...     NoTele   +   (no boots)
Stlth    ++++++++++             (no amulet)
HPRegen  0.55/turn              m - +200 ring of slaying
MPRegen  0.34/turn              (no ring)

@: no status effects
A: no striking features
a: Renounce Religion, Minor Destruction, Lesser Servant of Makhleb, Major
Destruction, Greater Servant of Makhleb


You were in the Dungeon.
You worshipped Makhleb.
Makhleb was exalted by your worship.
You visited 1 branch

Inventory:

Hand Weapons
 a - a +0 hand axe
 j - the +∞ Axe of Woe (weapon)
   (You found it in the Dungeon)
Missiles
 d - 5 boomerangs of dispersal (quivered)
Armour
 b - a +0 leather armour (worn)
Jewellery
 k - a +30 ring of slaying
 l - a +30 ring of slaying
 m - a +200 ring of slaying (left hand)
Scrolls
 c - a scroll of blinking
Potions
 e - a potion of curing
 f - a potion of heal wounds
 g - a potion of haste
 h - 2 potions of magic
 i - a potion of berserk rage


   Skills:
 O Level 27 Fighting
 O Level 27 Axes
 O Level 27 Maces & Flails
 O Level 27 Polearms
 + Level 23.0(27) Staves
 O Level 27 Slings
 O Level 27 Throwing
 O Level 27 Armour
 O Level 27 Dodging
 O Level 27 Stealth
 O Level 27 Unarmed Combat
 O Level 27 Spellcasting
 + Level 24.8 Conjurations
 + Level 24.8 Hexes
 + Level 24.8 Summonings
 + Level 24.8 Necromancy
 O Level 27 Translocations
 + Level 20.1 Transmutations
 + Level 26.6 Fire Magic
 + Level 23.1 Ice Magic
 + Level 21.6 Air Magic
 + Level 24.8 Earth Magic
 + Level 23.1 Poison Magic
 O Level 27 Invocations
 O Level 27 Evocations


You had 80 spell levels left.
You didn't know any spells.
Your spell library contained the following spells:

 Spells                   Type           Power      Damage    Failure   Level
 Blink                    Tloc           N/A        N/A       0%          2
 Gell's Gravitas          Tloc           36%        N/A       0%          3
 Lesser Beckoning         Tloc           36%        N/A       0%          3
 Teleport Other           Tloc           73%        N/A       0%          3
 Manifold Assault         Tloc           73%        N/A       0%          5


Dungeon Overview and Level Annotations

Branches:
Dungeon (1/1)

Altars:
Makhleb

Annotations:
D The Servant


Message History

Makhleb accepts your kill.
You feel better.
You are engulfed in blazing flames.
* * * LOW HITPOINT WARNING * * *
You hear a shout! x2
The Servant is engulfed in blazing flames.
The Servant hits you from afar with a +9 glaive of flaming!!
* * * LOW HITPOINT WARNING * * *
The Servant burns you.
* * * LOW HITPOINT WARNING * * *
You hear a shout!
The destroyer blinks!
The destroyer is engulfed in blazing flames.
Your base Staves skill increases to level 23!
Your Poison Magic skill increases to level 23!
You dice the large bag of meat like an onion!!!!
Flame seeps out of the large bag of meat.
You fatally mangle the large bag of meat.
Makhleb accepts your kill.
You feel better.
You slice the bag of meat like a ripe choko!!!!
You pulverise the bag of meat into a thin bloody mist.
You kill the bag of meat!
Makhleb accepts your kill.
You feel better.
You chop the destroyer into pieces!!!!
You hew the destroyer savagely.
You destroy the destroyer!
Makhleb accepts your kill.
You feel better.
The large bag of meat explodes!
The fiery explosion engulfs you!!!
* * * LOW HITPOINT WARNING * * *
The fiery explosion engulfs The Servant!!
You are engulfed in blazing flames.
* * * LOW HITPOINT WARNING * * *
You hear a shout!
A bag of meat comes into view. It is wielding a +9 war axe.
You hear a shout! x2
The Servant is engulfed in blazing flames.
The Servant hits you from afar with a +9 glaive of flaming!!!!
You die...

.....§#)§§§...#. ..
......))§o§..... . .#
#......)§§§..... .. .#
#......)☼°§...... ...
z#.#......°§§.....#
#...#o#...o.#........#.
#...§oo§§§...........#
#..°§§@V##.#........
#oo@§§.............
#o.ooV)####....#.....#
####.§. . ####


You could see The Servant, 2 destroyers, a sculptor of flesh and 9 bags of meat.

Vanquished Creatures
  9 vampire knights (D)
  16 ogres (D)
  6 two-headed ogres (D)
  A hydra (D)
  40 orcs (D)
72 creatures vanquished.

Notes
Turn   | Place    | Note
-------+----------+-------------------------------------------
     0 | D        | Found the +∞ Axe of Woe
     0 | D        | raph the Hill Orc Warper began the quest for the Orb.
     0 | D        | Reached XP level 1. HP: 18/18 MP: 3/3
     4 | D        | Became a worshipper of Makhleb the Destroyer
     4 | D        | Noticed a bag of meat
     6 | D        | Noticed a bag of meat
     6 | D        | Noticed a bag of meat
     6 | D        | Noticed a bag of meat
     6 | D        | Noticed a meat berserker
     8 | D        | Noticed a bag of meat
     8 | D        | Noticed a bag of meat
     8 | D        | Noticed a bag of meat
     8 | D        | Noticed a meat berserker
     9 | D        | Noticed a bag of meat
     9 | D        | Noticed a meat berserker
     9 | D        | Noticed a bag of meat
     9 | D        | Noticed a bag of meat
     9 | D        | Noticed a bag of meat
     9 | D        | Noticed a meat berserker
     9 | D        | Noticed a bag of meat
    10 | D        | Killed a bag of meat
    10 | D        | Noticed a bag of meat
    10 | D        | Noticed a large bag of meat
    10 | D        | Noticed a meat berserker
    11 | D        | Reached skill level 10 in Throwing
    11 | D        | Reached skill level 10 in Translocations
    11 | D        | Reached XP level 2. HP: 44/44 MP: 3/12
    11 | D        | Reached XP level 3. HP: 50/50 MP: 3/13
    11 | D        | Reached XP level 4. HP: 58/58 MP: 3/15
    11 | D        | Reached XP level 5. HP: 64/64 MP: 3/16
    11 | D        | Reached XP level 6. HP: 72/72 MP: 3/18
    11 | D        | Reached XP level 7. HP: 79/79 MP: 3/19
    11 | D        | Reached XP level 8. HP: 86/86 MP: 3/21
    11 | D        | Reached XP level 9. HP: 93/93 MP: 3/22
    11 | D        | Reached XP level 10. HP: 101/101 MP: 3/23
    11 | D        | Reached XP level 11. HP: 107/107 MP: 3/24
    11 | D        | Reached XP level 12. HP: 115/115 MP: 3/25
    11 | D        | Killed a bag of meat
    11 | D        | Reached * piety under Makhleb
    11 | D        | Noticed a bag of meat
    11 | D        | Noticed a bag of meat
    11 | D        | Noticed a bag of meat
    12 | D        | Reached skill level 15 in Fighting
    12 | D        | Reached skill level 10 in Spellcasting
    12 | D        | Reached XP level 13. HP: 55/127 MP: 3/27
    12 | D        | Killed a meat berserker
    12 | D        | Killed a bag of meat
    12 | D        | Killed a bag of meat
    12 | D        | Reached ** piety under Makhleb
    12 | D        | Killed a meat berserker
    12 | D        | Killed a bag of meat
    12 | D        | Noticed a bag of meat
    12 | D        | Noticed a bag of meat
    12 | D        | Noticed a meat berserker
    13 | D        | Reached skill level 15 in Spellcasting
    13 | D        | Reached XP level 14. HP: 92/152 MP: 3/33
    13 | D        | Reached XP level 15. HP: 96/160 MP: 3/34
    13 | D        | Reached XP level 16. HP: 101/168 MP: 3/35
    13 | D        | Killed a meat berserker
    13 | D        | Reached *** piety under Makhleb
    13 | D        | Killed a meat berserker
    13 | D        | Killed a meat berserker
    13 | D        | Noticed a meat berserker
    13 | D        | Noticed a meat berserker
    14 | D        | Reached skill level 27 in Axes
    14 | D        | Reached XP level 17. HP: 184/185 MP: 3/38
    14 | D        | Reached XP level 18. HP: 193/194 MP: 3/39
    14 | D        | Reached **** piety under Makhleb
    15 | D        | Reached XP level 19. HP: 206/206 MP: 3/42
    15 | D        | Reached ***** piety under Makhleb
    16 | D        | Reached skill level 27 in Fighting
    16 | D        | Noticed a large bag of meat
    17 | D        | Noticed a meat berserker
    17 | D        | Killed a meat berserker
    17 | D        | Killed a large bag of meat
    17 | D        | Noticed a meat berserker
    18 | D        | Reached skill level 27 in Armour
    18 | D        | Reached XP level 20. HP: 176/216 MP: 4/46
    18 | D        | Noticed a meat berserker
    19 | D        | Noticed a meat berserker
    20 | D        | Killed a meat berserker
    20 | D        | Reached ****** piety under Makhleb
    20 | D        | Killed a meat berserker
    21 | D        | Reached skill level 27 in Throwing
    21 | D        | Reached skill level 27 in Dodging
    21 | D        | Reached skill level 27 in Spellcasting
    21 | D        | Reached skill level 27 in Translocations
    21 | D        | Reached XP level 21. HP: 136/224 MP: 5/52
    21 | D        | Reached XP level 22. HP: 142/233 MP: 5/53
    21 | D        | Noticed a large bag of meat
    22 | D        | Noticed a destroyer
    23 | D        | Reached skill level 27 in Invocations
    23 | D        | Reached XP level 23. HP: 240/240 MP: 5/54
    25 | D        | Reached skill level 27 in Stealth
    25 | D        | Reached skill level 27 in Unarmed Combat
    25 | D        | Reached XP level 24. HP: 249/249 MP: 6/54
    25 | D        | Killed a destroyer
    25 | D        | Noticed a destroyer
    26 | D        | Reached XP level 25. HP: 257/257 MP: 6/54
    27 | D        | Noticed a destroyer
    27 | D        | Killed a destroyer
    27 | D        | Killed a large bag of meat
    27 | D        | Noticed a large bag of meat
    28 | D        | Reached skill level 27 in Maces & Flails
    28 | D        | Reached skill level 27 in Polearms
    28 | D        | Reached skill level 27 in Slings
    28 | D        | Reached XP level 26. HP: 240/266 MP: 6/54
    28 | D        | Killed a destroyer
    29 | D        | Reached skill level 10 in Conjurations
    29 | D        | Reached skill level 10 in Hexes
    29 | D        | Reached skill level 10 in Summonings
    29 | D        | Reached skill level 10 in Necromancy
    29 | D        | Reached skill level 10 in Fire Magic
    29 | D        | Reached skill level 10 in Earth Magic
    29 | D        | Noticed The Servant
    30 | D        | Reached skill level 10 in Air Magic
    30 | D        | Noticed a destroyer
    30 | D        | Noticed a large bag of meat
    31 | D        | Killed a large bag of meat
    32 | D        | Reached skill level 15 in Conjurations
    32 | D        | Reached skill level 15 in Hexes
    32 | D        | Reached skill level 15 in Summonings
    32 | D        | Reached skill level 15 in Necromancy
    32 | D        | Reached skill level 15 in Earth Magic
    32 | D        | Reached XP level 27. HP: 145/273 MP: 7/54
    32 | D        | Noticed a destroyer
    33 | D        | Noticed a destroyer
    33 | D        | Noticed a destroyer
    33 | D        | Noticed a destroyer
    34 | D        | Noticed a large bag of meat
    35 | D        | Killed a destroyer
    35 | D        | Noticed a destroyer
    36 | D        | Reached skill level 15 in Ice Magic
    36 | D        | Reached skill level 15 in Poison Magic
    36 | D        | Killed a destroyer
    36 | D        | Noticed a destroyer
    37 | D        | Reached skill level 15 in Air Magic
    38 | D        | Killed a destroyer
    39 | D        | Reached skill level 15 in Transmutations
    39 | D        | Killed a destroyer
    39 | D        | Killed a large bag of meat
    39 | D        | Noticed a destroyer
    40 | D        | Reached skill level 27 in Evocations
    43 | D        | Killed a destroyer
    43 | D        | Killed a large bag of meat
    43 | D        | HP: 13/273 [The Servant (29)]
    46 | D        | Killed a large bag of meat
    46 | D        | Killed a destroyer
    46 | D        | Annihilated by The Servant

Illustrated notes

Levels and vault maps discovered:
D:        meatsprint

Skill      XL: |  1  2  3  4  5  6  7  8  9 10 11 12 13 14 15 16 17 18 19 20 21 22 23 24 25 26 27 |
---------------+----------------------------------------------------------------------------------+-----
Fighting       | 13 15 21 25 26 27 | 27.0
Axes           | 14 16 23 27 | 27.0
Throwing       | 10 12 17 20 21 26 27 | 27.0
Armour         | 12 14 20 23 25 27 | 27.0
Dodging        | 9 11 16 19 20 24 27 | 27.0
Spellcasting   | 9 10 15 17 19 22 27 | 27.0
Translocations | 10 11 16 19 20 24 27 | 27.0
Invocations    | 21 27 | 27.0
Stealth        | 14 27 | 27.0
Unarmed Combat | 22 27 | 27.0
Maces & Flails | 13 24 27 | 27.0
Polearms       | 13 24 27 | 27.0
Slings         | 11 21 27 | 27.0
Staves         | 4 13 23 | 23.0
Conjurations   | 4 15 24 | 24.8
Hexes          | 4 15 24 | 24.8
Summonings     | 4 15 24 | 24.8
Necromancy     | 4 15 24 | 24.8
Transmutations | 3 12 20 | 20.1
Fire Magic     | 4 16 26 | 26.6
Ice Magic      | 4 14 23 | 23.1
Air Magic      | 3 13 21 | 21.6
Earth Magic    | 4 15 24 | 24.8
Poison Magic   | 4 13 23 | 23.1
Evocations     | 6 20 27 | 27.0

Action                   |  1- 3 |  4- 6 |  7- 9 | 10-12 | 13-15 | 16-18 | 19-21 | 22-24 | 25-27 || total
-------------------------+-------+-------+-------+-------+-------+-------+-------+-------+-------++-------
Melee: Executioner's axe |     1 |       |       |     1 |     1 |     2 |     4 |     5 |    17 ||    31
  Use: Scroll            |       |       |       |       |       |       |       |       |     1 ||     1
Dodge: Dodged            |       |       |       |       |       |       |     2 |       |     3 ||     5
